Map: Pillars of Gold LE

Players

wolfsha - Winner!

  • Race: Protoss Protoss
  • League: Master
  • Spawn Location: 7:00

SideShow

  • Race: Zerg Zerg
  • League: Diamond
  • Spawn Location: 1:00

VOD

Have the link to the VOD?

Description

Time

  • Played on: June 18, 2020, 2:47 a.m.
  • Length: 9:37
Show
View Real Time Build Order
Export as new Build Order

wolfsha Protoss - Winner!

Build Orders: 1 Gate Expand, Zealot Archon, Archon Drop, Dark Templar Rush 

Get SALT Encoding   

  12  0:00  Probe  
  13  0:13  Probe  
  14  0:19  Pylon  
  14  0:26  Probe  
  15  0:37  Probe  
  15  0:39  Gateway  
  16  0:45  Assimilator  
  16  0:46  Probe  
  17  0:58  Probe  
  18  1:10  Probe  
  19  1:22  Probe  
  20  1:29  Nexus  
  20  1:39  Cybernetics Core  
  20  1:41  Probe  
  21  1:49  Assimilator  
  21  1:53  Probe  
  22  1:56  Pylon  
  22  2:05  Probe  
  22  2:06  Adept  
  23  2:17  Probe  
  26  2:27  Stalker  
  26  2:29  Probe  
  27  2:30  Twilight Council  
  27  2:38  Warp Gate  
  27  2:39  Probe  
  27  2:41  Probe  
  31  2:50  Probe  
  31  2:54  Probe  
  33  3:05  Probe  
  33  3:06  Probe  
  33  3:18  Robotics Facility, Probe x2  
  35  3:28  Dark Shrine  
  35  3:30  Probe x2  
  37  3:39  Gateway  
  37  3:42  Gateway  
  37  3:44  Gateway  
  37  3:45  Probe x2  
  39  3:55  Warp Prism, Assimilator  
  39  3:57  Probe x2  
  39  3:58  Pylon  
  41  4:09  Assimilator, Probe  
  44  4:10  Probe  
  45  4:21  Probe  
  45  4:22  Probe  
  47  4:27  Pylon  
  47  4:30  Pylon  
  47  4:33  Probe  
  47  4:34  Probe  
  49  4:45  Probe  
  49  4:47  Observer  
  51  4:53  Dark Templar x3  
  51  4:54  Dark Templar  
  59  5:39  Sentry x2, Zealot x2  
  67  5:46  Pylon  
  67  5:50  Pylon  
  67  5:56  Forge  
  67  5:57  Gateway  
  67  5:59  Immortal, Gateway  
  67  6:01  Protoss Ground Weapons Level 1, Nexus  
  67  6:02  Archon x2  
  67  6:03  Pylon  
  67  6:05  Pylon  
  71  6:27  Charge  
  71  6:31  Gateway, Probe x2  
  73  6:33  Sentry x2  
  73  6:34  Immortal, Dark Templar x2  
  73  6:35  Gateway  
  73  6:38  Archon  
  85  6:50  Probe x2  
  85  6:54  Sentry x2  
  91  7:09  Dark Templar x2  
  91  7:10  Zealot  
  91  7:11  Zealot  
  99  7:21  Archon  
  99  7:29  Gateway x2  
  99  7:31  Pylon x2  
  99  7:34  Dark Templar  
  99  7:35  Dark Templar, Zealot x4  
  111  7:41  Archon  
  111  7:46  Zealot x2  
  115  8:00  Pylon  
  115  8:03  Pylon  
  115  8:05  Dark Templar x2, Zealot x2  
  111  8:06  Zealot  
  111  8:07  Zealot x3  
  111  8:10  Archon  
  123  8:28  Probe x2  
  123  8:33  Zealot x7  
  123  8:34  Zealot  
  141  8:56  Dark Templar x3  
  141  8:57  Dark Templar  
  141  9:01  Pylon, Archon  
  141  9:02  Archon  
  149  9:03  Pylon  
  149  9:05  Pylon  
  149  9:07  Pylon  
  149  9:09  Pylon  
  125  9:28  Zealot x8  
  125  9:29  Zealot  
Show
View Real Time Build Order
Export as new Build Order

SideShow Zerg 

Build Orders: Hatch First 

Get SALT Encoding   

  12  0:06  Drone  
  13  0:13  Overlord  
  13  0:17  Drone  
  14  0:31  Drone  
  14  0:32  Drone  
  16  0:50  Hatchery  
  16  0:54  Drone  
  16  0:58  Drone  
  16  1:00  Drone  
  18  1:13  Extractor  
  18  1:17  Spawning Pool  
  16  1:20  Drone  
  16  1:23  Drone  
  18  1:32  Drone  
  19  1:43  Drone  
  20  1:53  Overlord  
  20  2:02  Drone  
  20  2:04  Queen x2  
  25  2:23  Hatchery  
  25  2:26  Drone x2  
  26  2:33  Zergling x4  
  28  2:37  Metabolic Boost  
  28  2:40  Drone  
  28  2:43  Drone  
  30  2:46  Drone  
  30  2:51  Overlord  
  31  2:57  Drone x2  
  33  3:01  Drone  
  34  3:08  Drone  
  34  3:13  Drone x3  
  34  3:14  Drone  
  34  3:18  Queen  
  40  3:26  Queen  
  42  3:30  Drone x2  
  42  3:33  Overlord  
  44  3:37  Drone x2  
  44  3:40  Drone  
  47  3:49  Drone  
  47  3:51  Baneling Nest, Extractor  
  47  3:52  Drone  
  47  3:53  Evolution Chamber  
  47  3:55  Drone  
  47  3:56  Drone  
  47  4:00  Queen  
  47  4:02  Drone  
  51  4:09  Queen  
  53  4:11  Drone x2  
  53  4:15  Drone x2  
  57  4:22  Overlord  
  57  4:25  Overlord  
  57  4:30  Drone  
  58  4:35  Overlord x3  
  58  4:39  Overlord  
  58  4:44  Lair  
  58  4:45  Drone  
  61  4:49  Drone  
  61  4:50  Drone  
  61  4:51  Drone x3  
  64  4:54  Zergling x2  
  65  5:02  Zergling x2  
  65  5:03  Zergling x2  
  67  5:08  Spore Crawler  
  67  5:10  Spore Crawler  
  67  5:11  Zergling x8  
  65  5:23  Zergling x4  
  65  5:25  Queen  
  68  5:30  Zergling x4  
  68  5:33  Hatchery  
  68  5:40  Extractor  
  68  5:41  Overseer  
  67  5:43  Centrifical Hooks  
  67  5:44  Zerg Melee Weapons Level 1  
  67  5:49  Drone  
  68  5:54  Extractor  
  68  5:56  Drone x4  
  71  6:07  Drone x2, Hatchery  
  71  6:08  Drone  
  71  6:09  Drone x2  
  75  6:13  Overseer  
  75  6:17  Zergling x4  
  77  6:22  Zergling x2  
  74  6:30  Drone x2  
  74  6:32  Hydralisk Den  
  75  6:38  Drone  
  76  6:47  Zergling x6  
  76  6:52  Zergling x2  
  80  6:56  Zergling x4  
  80  7:01  Queen  
  80  7:08  Zergling x10  
  83  7:11  Muscular Augments  
  83  7:22  Drone  
  84  7:23  Drone x2  
  84  7:27  Drone  
  84  7:29  Drone  
  88  7:31  Drone x4  
  90  7:39  Drone x2  
  90  7:42  Drone  
  92  7:50  Extractor x2  
  90  7:51  Hydralisk x2  
  90  7:53  Overlord  
  90  7:54  Overlord x3  
  90  7:57  Drone  
  94  7:59  Drone x3  
  95  8:09  Overlord x2  
  95  8:15  Hydralisk x4, Overlord  
  95  8:18  Hatchery x2  
  103  8:21  Baneling x4  
  103  8:22  Baneling x17  
  103  8:23  Grooved Spines  
  105  8:28  Zergling x4  
  103  8:35  Zergling x14  
  103  8:37  Hydralisk  
  103  8:38  Hydralisk  
  103  8:41  Zergling x2  
  108  8:45  Zergling x2  
  108  8:47  Hydralisk x2  
  91  8:51  Zergling x4  
  72  8:58  Zergling x2  
  58  9:04  Zergling x8  
  56  9:12  Zergling x2  
  56  9:15  Baneling x5  
Tags
 
Add a new tag
Caveats
  • Supply blocks, unpowered buildings, or Contaminate may cause inaccurate times.
  • Supply counts are checked every 10 seconds.